Map: Catalyst LE

Players

JonSnow

  • Race: Zerg Zerg
  • League: Grandmaster
  • Spawn Location: 11:00

SpeCial - Winner!

  • Race: Terran Terran
  • League: Master
  • Spawn Location: 5:00

VOD

Have the link to the VOD?

Description

Time

  • Played on: Dec. 24, 2017, 7:58 p.m.
  • Length: 5:49
Show
View Real Time Build Order
Export as new Build Order

JonSnow Zerg 

Build Orders: Pool First 

Get SALT Encoding   

  12  0:00  Drone  
  13  0:14  Overlord  
  13  0:17  Drone  
  14  0:32  Drone  
  14  0:33  Drone  
  16  0:42  Spawning Pool  
  15  0:45  Drone  
  17  0:50  Drone  
  17  1:10  Hatchery  
  16  1:15  Drone  
  17  1:30  Zergling x6  
  17  1:31  Extractor  
  19  1:34  Queen  
  21  1:42  Overlord  
  21  1:52  Drone  
  22  2:02  Drone  
  23  2:10  Queen  
  23  2:15  Drone  
  26  2:22  Queen  
  28  2:24  Drone x2  
  30  2:34  Drone  
  30  2:35  Drone  
  30  2:36  Metabolic Boost  
  33  2:44  Drone x2  
  33  2:48  Drone x2  
  35  3:05  Drone  
  35  3:10  Overlord  
  35  3:11  Drone x2  
  36  3:23  Hatchery  
  36  3:24  Drone  
  36  3:31  Drone x5  
  41  3:35  Drone  
  42  3:42  Extractor  
  42  3:43  Zergling x6  
  44  3:49  Roach Warren, Overlord  
  44  3:51  Overlord  
  44  3:52  Drone  
  44  3:53  Extractor  
  43  3:57  Overlord  
  43  4:01  Overlord  
  43  4:02  Overlord  
  43  4:05  Drone  
  44  4:19  Overlord  
  44  4:25  Overlord  
  40  4:33  Roach x4  
  40  4:34  Roach x3  
  50  4:39  Drone  
  47  4:52  Drone x4  
  47  5:01  Drone x2  
  47  5:06  Drone  
  50  5:08  Drone  
  50  5:10  Drone  
  52  5:15  Drone x2  
  52  5:17  Drone  
  52  5:19  Drone  
  56  5:23  Spore Crawler  
  56  5:28  Spore Crawler  
Show
View Real Time Build Order
Export as new Build Order

SpeCial Terran - Winner!

Build Orders: Gas First Reaper Expand, Reaper Expand, Hellion Banshee 

Get SALT Encoding   

  12  0:00  SCV  
  13  0:13  SCV  
  14  0:20  Supply Depot  
  14  0:25  SCV  
  15  0:30  Refinery  
  15  0:42  SCV  
  16  0:46  Barracks  
  16  0:54  SCV  
  17  1:06  SCV  
  18  1:18  SCV  
  19  1:34  Reaper, Orbital Command  
  20  1:44  Command Center  
  20  1:56  Factory  
  20  2:00  SCV  
  21  2:09  Barracks Reactor  
  21  2:10  Supply Depot  
  21  2:12  SCV  
  22  2:17  Refinery  
  22  2:24  SCV  
  22  2:36  SCV  
  22  2:46  Marine x2  
  22  2:48  SCV  
  25  3:00  Orbital Command, SCV  
  25  3:13  SCV  
  25  3:15  Starport  
  25  3:19  Hellion  
  28  3:22  Hellion  
  28  3:25  SCV  
  28  3:26  SCV  
  32  3:30  Barracks Tech Lab  
  32  3:37  SCV  
  32  3:40  SCV  
  32  3:41  Supply Depot  
  34  3:43  Hellion  
  34  3:48  Hellion  
  38  3:49  SCV  
  38  3:52  SCV  
  40  3:59  Cloaking Field  
  40  4:01  SCV  
  41  4:04  Banshee, SCV  
  45  4:10  Supply Depot  
  45  4:13  SCV  
  45  4:16  SCV  
  49  4:17  Hellion  
  49  4:19  Hellion  
  51  4:25  SCV  
  51  4:28  SCV  
  50  4:38  SCV  
  49  4:41  Hellion  
  49  4:42  Hellion  
  49  4:45  SCV  
  54  4:47  Banshee  
  54  4:50  SCV  
  54  4:57  SCV  
  53  5:02  SCV  
  53  5:05  Supply Depot  
  54  5:07  Cyclone  
  54  5:09  Command Center  
  54  5:10  Cyclone  
  60  5:14  SCV x2  
  62  5:27  Supply Depot, SCV x2  
  64  5:28  Supply Depot  
Tags
 
Add a new tag
Caveats
  • Supply blocks, unpowered buildings, or Contaminate may cause inaccurate times.
  • Supply counts are checked every 10 seconds.